 Dungeon Crawl Stone Soup version 0.29.0-4-gdea44cf6ec (webtiles) character file.

Game seed: 220557042881575573

1570 Cape the Cleaver (level 8, 0/71 HPs)
             Began as a Minotaur Berserker on Aug 26, 2022.
             Was an Elder of Trog.
             Killed by divine providence
             ... invoked by an orc priest
              (10 damage)
             ... on level 5 of the Dungeon on Aug 27, 2022.
             The game lasted 00:11:47 (6427 turns).

Cape the Cleaver (Minotaur Berserker)               Turns: 6427, Time: 00:11:48

Health: 0/71       AC: 14    Str: 24    XL:     8   Next: 59%
Magic:  7/7        EV:  9    Int:  4    God:    Trog [****..]
Gold:   223        SH:  0    Dex: 10    Spells: 7/7 levels left

rFire   . . .      SeeInvis .   a - +1 hand axe
rCold   . . .      Faith    .   (no shield)
rNeg    . . .      Spirit   .   u - +1 chain mail
rPois   .          Reflect  .   (helmet restricted)
rElec   .          Harm     .   t - +2 cloak {Stlth+}
rCorr   .          Rampage  .   (no gloves)
Will    ++...                   (no boots)
Stlth   ..........              (no amulet)
HPRegen 1.21/turn               (no ring)
MPRegen 0.10/turn               (no ring)

@: strong-willed (expiring), on berserk cooldown, regenerating (expiring),
slowed, very slow
A: horns 2, retaliatory headbutt
a: Renounce Religion, Berserk, Trog's Hand, Brothers in Arms


You were on level 5 of the Dungeon.
You worshipped Trog.
Trog was greatly pleased with you.
You visited 2 branches of the dungeon, and saw 6 of its levels.

You collected 223 gold pieces.

Inventory:

Hand Weapons
 a - a +1 hand axe (weapon)
 s - a +0 hammer
Missiles
 w - 2 javelins (quivered)
Armour
 t - a +2 cloak of stealth (worn)
 u - a +1 chain mail (worn)
Wands
 d - a wand of acid (8)
 l - a wand of polymorph (8)
 r - a wand of flame (20)
 v - a wand of digging (3)
Scrolls
 c - a scroll of blinking
 g - 4 scrolls of identify
 j - a scroll of silence {unknown}
 k - a scroll of butterflies
 n - 3 scrolls of teleportation
 p - a scroll of noise {unknown}
Potions
 b - a potion of resistance
 e - 2 potions of might
 f - 3 potions of curing
 i - a potion of lignification
 m - a potion of mutation {unknown}
 o - a potion of berserk rage {unknown}
 q - a potion of attraction {unknown}


   Skills:
 * Level 6.5 Fighting
 * Level 9.8 Axes
 + Level 5.3 Armour
 + Level 3.2 Dodging
 + Level 0.6 Stealth
 * Level 3.5 Evocations


You had 7 spell levels left.
You didn't know any spells.
Your spell library was empty.

Dungeon Overview and Level Annotations

Branches:
Dungeon (5/15)             Temple (1/1) D:5

Altars:
Ashenzari
Cheibriados
Dithmenos
Elyvilon
Fedhas
Gozag
Kikubaaqudgha
Nemelex Xobeh
Okawaru
Qazlal
Ru
Trog
Uskayaw
Vehumet
Wu Jian
Xom
Yredelemnul
Zin
The Shining One


Innate Abilities, Weirdness & Mutations

You have a pair of horns on your head.
You reflexively headbutt those who attack you in melee.


Message History

You hit the orc. The orc hits you with a +0 trident.
* * * LOW HITPOINT WARNING * * *
The orc priest hits you from afar with a +0 trident.
* * * LOW HITPOINT WARNING * * *
You slash the orc!
You kill the orc!
Trog accepts your kill.
You hit the orc.
The orc priest hits you with a +0 trident!
* * * LOW HITPOINT WARNING * * *
The orc barely misses you. You furiously retaliate!
You headbutt the orc, but do no damage.
Items here: )) [ ††.
You are too injured to fight recklessly!
You are too injured to fight recklessly!
You feel a strong urge to attack something.
The orc priest hits you but does no damage.
The orc hits you with a +0 trident.
* * * LOW HITPOINT WARNING * * *
You see here a +0 flail.
You are too injured to fight recklessly!
You are too injured to fight recklessly!
You are too injured to fight recklessly!
You are too injured to fight recklessly!
You are too injured to fight recklessly!
You feel your anger nearly subside.
You are no longer berserk.
You are exhausted.
You feel yourself slow down.
You feel the effects of Trog's Hand fading.
The orc priest calls down the wrath of Beogh upon you.
You resist with almost no effort.
Items here: ))) [[ †.
The orc closely misses you.
The orc priest mumbles some strange prayers to Beogh against you.
Beogh smites you!
* * * LOW HITPOINT WARNING * * *
The orc barely misses you.
The orc priest calls down the wrath of Beogh upon you.
Beogh smites you!
You die...

############ #.o)o......######
#)#..............
##o#8.............
#############..#######'''#####
#............@###...o.........
#.##########.####....#####....
#.# #>...#.###.....###. #.#
######.#8#..8..#8#. ####.###
#####.............
.......#########...#8....[_[)...8
######.............# ###
♣♣♣♣♣#.##.###.##.### #.#
....♣#.##.# #.##.# #.#


You could see an orc priest and an orc.

Vanquished Creatures
  The ghost of rossy the Basher, a novice MiBe of Trog (D:5)
  Menkaure (D:4)
  A water moccasin (D:5)
  An ice beast (D:5)
  A black bear (D:5)
  An ogre (D:4)
  A bullfrog (D:5)
  A scorpion (D:5)
  2 hounds
  An orc priest (D:4)
  Crazy Yiuf (D:2)
  3 iguanas
  Jessica (D:2)
  9 orc wizards
  5 adders
  A white imp (D:5)
  A worm (D:5)
  3 dart slugs
  34 orcs
  12 ball pythons
  6 endoplasms
  6 giant cockroaches
  7 goblins
  9 hobgoblins
  17 jackals
  6 kobolds
  2 quokkas
  3 bats
  6 frilled lizards
  3 rats
146 creatures vanquished.

Vanquished Creatures (others)
  3 fungi (D:2)
  7 toadstools (D:1)
10 creatures vanquished.

Grand Total: 156 creatures vanquished

Notes
Turn   | Place    | Note
-------+----------+-------------------------------------------
     0 | D:1      | Cape the Minotaur Berserker began the quest for the Orb.
     0 | D:1      | Reached XP level 1. HP: 19/19 MP: 0/0
    82 | D:1      | Reached skill level 4 in Axes
   216 | D:1      | Reached XP level 2. HP: 27/27 MP: 1/1
   641 | D:1      | Reached ** piety under Trog
   740 | D:1      | Found a faded altar of an unknown god.
   746 | D:1      | Reached XP level 3. HP: 26/33 MP: 2/2
  1198 | D:2      | Found an opulent altar of Gozag.
  1501 | D:2      | Noticed Jessica
  1506 | D:2      | Killed Jessica
  1507 | D:2      | Reached skill level 1 in Evocations
  1507 | D:2      | Reached XP level 4. HP: 22/41 MP: 3/3
  1973 | D:2      | Found a runed translucent door.
  1974 | D:2      | Noticed Crazy Yiuf
  1983 | D:2      | Killed Crazy Yiuf
  1984 | D:2      | Reached skill level 5 in Axes
  2099 | D:2      | Reached XP level 5. HP: 21/47 MP: 4/4
  2314 | D:3      | Reached skill level 6 in Axes
  2433 | D:3      | Identified the +0 robe "Geoga Kucs" {Dex+3}
  2495 | D:3      | Reached *** piety under Trog
  2966 | D:3      | Found a bloodstained altar of Trog.
  2975 | D:3      | Found an opulent altar of Gozag.
  3390 | D:4      | Reached XP level 6. HP: 44/55 MP: 5/5
  3625 | D:4      | Reached skill level 5 in Fighting
  3630 | D:4      | Reached skill level 7 in Axes
  4035 | D:4      | Reached XP level 7. HP: 56/61 MP: 6/6
  4076 | D:4      | Noticed Menkaure
  4082 | D:4      | Killed Menkaure
  4401 | D:4      | Reached **** piety under Trog
  4462 | D:4      | Found a basalt altar of Yredelemnul.
  4905 | D:5      | Entered Level 5 of the Dungeon
  4959 | D:5      | Reached skill level 8 in Axes
  4976 | D:5      | Found a blossoming altar of Fedhas.
  4978 | D:5      | Found an ancient bone altar of Kikubaaqudgha.
  5021 | D:5      | Found a large runed translucent door.
  5021 | D:5      | Found a large runed translucent door.
  5200 | D:5      | Reached XP level 8. HP: 61/70 MP: 7/7
  5250 | D:5      | Found a staircase to the Ecumenical Temple.
  5317 | D:5      | Reached skill level 9 in Axes
  5452 | D:5      | Found a runed translucent gate.
  5452 | D:5      | Noticed rossy's ghost (novice MiBe)
  5453 | D:5      | Found a runed translucent gate.
  5454 | D:5      | Found a runed translucent gate.
  5454 | D:5      | Identified the +2 short sword "Kaewaone" {vorpal, +Blink
                  | rC+ Str+2 SInv}
  5454 | D:5      | Identified the +3 chain mail of Fortitude {Harm Rampage
                  | rElec Str-2 Slay+2}
  6002 | D:5      | Found a sacrificial altar of Ru.
  6010 | D:5      | Found a glowing golden altar of the Shining One.
  6145 | Temple   | Entered the Ecumenical Temple
  6417 | D:5      | Killed rossy's ghost
  6418 | D:5      | Reached skill level 5 in Armour
  6427 | D:5      | Killed from afar by an orc priest

Illustrated notes

Levels and vault maps discovered:
D:1:      nagdon_arrival_double_spiral, layout_loops_cross,
          nicolae_ecumenical_snake_handling, minmay_unequal
D:2:      layout_rooms, basic_altar, uniq_jessica, uniq_crazy_yiuf_cottage
D:3:      layout_basic, minitemple
D:4:      layout_basic, mainiacjoe_overflow_paths,
          chequers_serial_rivers_small_b, corexii_item_surrounded_by_moat,
          serial_park_tiny_2, uniq_menkaure
D:5:      layout_loops_ring, grunt_temple_overflow_growth_and_decay,
          jmf_multi_god_temple2, minmay_temple_entry_purple_smoke,
          biasface_ghost_orc_armoury, kennysheep_generic_room_6
Temple:   nicolae_temple_slightly_damp_pantheon

Skill      XL: |  1  2  3  4  5  6  7  8 |
---------------+-------------------------+-----
Axes           | 4 5 6 7 8 9 |  9.8
Fighting       | 4 5 6 |  6.5
Evocations     | 1 2 3 |  3.5
Armour         | 3 4 5 |  5.3
Dodging        | 3 |  3.2
Stealth        | |  0.6

Action                   |  1- 3 |  4- 6 |  7- 9 || total
-------------------------+-------+-------+-------++-------
Melee: Hand axe          |    77 |   174 |   131 ||   382
       Headbutt          |    11 |    30 |    28 ||    69
       Punch             |     1 |       |       ||     1
Invok: Berserk           |       |     3 |     2 ||     5
       Trog's Hand       |       |     1 |     1 ||     2
  Use: Scroll            |       |     9 |     4 ||    13
       Potion            |       |       |     1 ||     1
 Stab: Sleeping          |       |     2 |       ||     2
Armor: Animal skin       |    13 |       |       ||    13
       Leather armour    |    11 |    35 |       ||    46
       Chain mail        |       |    49 |    79 ||   128
Dodge: Dodged            |    48 |    78 |    65 ||   191
